[Event "K11"]
[Site "?"]
[Date "2024.07.25"]
[Round "8"]
[White "Thomasson, Staffan"]
[Black "Rull, Michael"]
[Result "1/2-1/2"]
[ECO "E72"]
[WhiteElo "1871"]
[BlackElo "1842"]
[Annotator ",martin-koller@seznam"]
[PlyCount "120"]
[TimeControl "240+2"]

{600MB, Fritz10.ctg} 1. c4 Nf6 2. g3 g6 3. Bg2 Bg7 4. Nc3 O-O 5. d4 d6 6. e4
Nc6 7. Nge2 Re8 8. O-O e5 9. d5 Nd4 10. Be3 Nxe2+ 11. Qxe2 a5 12. c5 Nd7 13.
cxd6 cxd6 14. Nb5 Bf8 15. Rac1 Nc5 16. Nxd6 Bxd6 17. Bxc5 Bxc5 18. Rxc5 b6 19.
Rxc8 Qxc8 20. Rd1 Qc5 21. d6 Ra7 22. Qd2 Rd8 23. Bh3 Rc7 24. d7 Qc6 25. a3 f5
26. Bxf5 Kf7 27. Bh3 Qxe4 28. Qh6 Qf3 29. Qxh7+ Kf8 30. Re1 Qf6 31. Qh6+ Kf7
32. Qd2 Rh8 33. Qd5+ Kg7 34. Qxe5 Qxe5 35. Rxe5 Kf7 36. Bg4 Rc6 37. Rd5 Ke7 38.
h4 Rc4 39. Re5+ Kd8 40. Rg5 Rc6 41. Kg2 Rf8 42. b4 Rc2 43. Rxg6 Kc7 44. Be6
axb4 45. axb4 Rb2 46. h5 Rfxf2+ 47. Kh3 Rh2+ 48. Kg4 Rxb4+ 49. Kg5 Rb5+ 50. Bf5
Rxh5+ 51. Kxh5 Rxf5+ 52. Kh6 b5 53. g4 Rd5 54. g5 b4 55. Rf6 Kxd7 56. Rb6 Rd4
57. g6 Ke7 58. Kg7 Rh4 59. Rb7+ Ke8 60. Kf6 Rf4+ 1/2-1/2

[Event "K12"]
[Site "?"]
[Date "2024.07.26"]
[Round "8"]
[White "Wust, Klaus"]
[Black "Tichy, Petr"]
[Result "1/2-1/2"]
[ECO "B51"]
[WhiteElo "1959"]
[BlackElo "1922"]
[Annotator ",martin-koller@seznam"]
[PlyCount "35"]
[TimeControl "240+2"]

{600MB, Fritz10.ctg} 1. e4 c5 2. Nf3 d6 3. Bb5+ Nd7 4. d4 cxd4 5. Qxd4 a6 6.
Bxd7+ Bxd7 7. O-O e5 8. Qd3 h6 9. c4 Rc8 10. Nc3 Nf6 11. Rd1 Be6 12. b3 Qa5 13.
Bd2 Qd8 14. Ne1 Be7 15. Nc2 O-O 16. Ne3 Re8 17. Rac1 Bf8 18. Be1 1/2-1/2

[Event "K12"]
[Site "?"]
[Date "2024.07.25"]
[Round "8"]
[White "Schoenmakers, Nico"]
[Black "Von Borstel, Michael"]
[Result "1/2-1/2"]
[ECO "C01"]
[WhiteElo "1879"]
[BlackElo "1862"]
[Annotator ",martin-koller@seznam"]
[PlyCount "41"]
[TimeControl "240+2"]

{600MB, Fritz10.ctg} 1. e4 e6 2. d4 d5 3. exd5 exd5 4. Nf3 Bd6 5. h3 Ne7 6. Bd3
O-O 7. O-O h6 8. Re1 Bf5 9. Bxf5 Nxf5 10. Qd3 Qf6 11. c3 Nd7 12. Nbd2 Rfe8 13.
Rxe8+ Rxe8 14. Nf1 c6 15. Bd2 Bc7 16. Re1 Rxe1 17. Bxe1 Qe6 18. Bd2 Nd6 19. Bf4
Ne8 20. Bxc7 Nxc7 21. Qe3 1/2-1/2

[Event "K12"]
[Site "?"]
[Date "2024.07.25"]
[Round "8"]
[White "Pokorny, Jan"]
[Black "Vlasak, Miloslav"]
[Result "1/2-1/2"]
[ECO "A48"]
[WhiteElo "1840"]
[BlackElo "1943"]
[Annotator ",martin-koller@seznam"]
[PlyCount "77"]
[TimeControl "240+2"]

{600MB, Fritz10.ctg} 1. d4 Nf6 2. Nf3 g6 3. b3 Bg7 4. e3 O-O 5. Be2 d6 6. Bb2
c5 7. dxc5 Qa5+ 8. Bc3 Qxc5 9. O-O Bf5 10. Bd3 Bd7 11. Bb2 Nc6 12. Nbd2 b5 13.
c4 bxc4 14. Nxc4 a5 15. Rc1 Qa7 16. Bd4 Nxd4 17. Nxd4 Rfc8 18. Na3 Rxc1 19.
Qxc1 Rc8 20. Qd2 Qc5 21. Nb1 Nd5 22. Ne2 Qb4 23. Rc1 Qxd2 24. Rxc8+ Bxc8 25.
Nxd2 Nc3 26. Nxc3 Bxc3 27. Nb1 Bb2 28. Kf1 d5 29. e4 dxe4 30. Bxe4 f5 31. Bd3
Bb7 32. f3 Be5 33. h3 Kf7 34. Ke2 Bd4 35. Nd2 e5 36. Nc4 Ke6 37. Nxa5 Ba8 38.
Bc4+ Kf6 39. Bb5 1/2-1/2

[Event "K12"]
[Site "?"]
[Date "2024.07.25"]
[Round "8"]
[White "Schunke, Oliver"]
[Black "Hager, Eberhard"]
[Result "1/2-1/2"]
[ECO "B07"]
[WhiteElo "1878"]
[BlackElo "1834"]
[Annotator ",martin-koller@seznam"]
[PlyCount "49"]
[TimeControl "240+2"]

{600MB, Fritz10.ctg} 1. Nc3 Nf6 2. e4 d6 3. d4 c6 4. f4 Qa5 5. Bd3 Qb6 6. Nf3
Bg4 7. Be2 e6 8. Qd3 Be7 9. Be3 Qc7 10. O-O O-O 11. Rae1 Na6 12. a3 Qd7 13. Rd1
Qc7 14. Kh1 d5 15. e5 Ne4 16. Rde1 Bf5 17. Qd1 Nxc3 18. bxc3 Bxa3 19. Bd3 Bxd3
20. Qxd3 c5 21. Qe2 cxd4 22. Bxd4 Bc5 23. Ng5 h6 24. Nh3 Bxd4 25. cxd4 neèitelné 1/2-1/2

[Event "M11"]
[Site "?"]
[Date "2024.07.26"]
[Round "9"]
[White "Svoboda, Daniel"]
[Black "Hansch, Stephan"]
[Result "1/2-1/2"]
[ECO "B22"]
[WhiteElo "1920"]
[BlackElo "2150"]
[Annotator ",martin-koller@seznam"]
[PlyCount "34"]
[TimeControl "240+2"]

{600MB, Fritz10.ctg} 1. e4 c5 2. c3 Nf6 3. e5 Nd5 4. d4 cxd4 5. cxd4 d6 6. Nf3
Nc6 7. Bc4 Nb6 8. Bb5 dxe5 9. Nxe5 Bd7 10. Nxd7 Qxd7 11. Nc3 Rd8 12. Be3 e6 13.
Qg4 Nd5 14. Nxd5 Qxd5 15. Bxc6+ Qxc6 16. O-O h5 17. Qg3 Qd6 1/2-1/2

[Event "M11"]
[Site "?"]
[Date "2024.07.26"]
[Round "9"]
[White "Zwick, Hubert"]
[Black "Hanl, Frantisek"]
[Result "0-1"]
[ECO "A45"]
[WhiteElo "2018"]
[BlackElo "2098"]
[Annotator ",martin-koller@seznam"]
[PlyCount "44"]
[TimeControl "240+2"]

{600MB, Fritz10.ctg} 1. d4 d5 2. Bg5 Nf6 3. e3 Ne4 4. Bf4 Bf5 5. f3 Nd6 6. Nd2
e6 7. Ne2 g5 8. Be5 f6 9. g4 Bg6 10. Bg3 h5 11. Bg2 h4 12. Bf2 Nd7 13. f4 c6
14. c4 Nxc4 15. Nxc4 dxc4 16. e4 Qa5+ 17. Kf1 O-O-O 18. Qc2 Nb6 19. Qc1 Bb4 20.
b3 Bd2 21. Be1 c3 22. Qc2 Nd5 0-1

[Event "M11"]
[Site "?"]
[Date "2024.07.26"]
[Round "9"]
[White "Nilsson, Patrik"]
[Black "Tesar, Jakub"]
[Result "0-1"]
[ECO "D04"]
[WhiteElo "2095"]
[BlackElo "2064"]
[Annotator ",martin-koller@seznam"]
[PlyCount "78"]
[TimeControl "240+2"]

{600MB, Fritz10.ctg} 1. d4 d5 2. Nf3 Nf6 3. e3 c5 4. b3 cxd4 5. exd4 Nc6 6. Bb2
Qa5+ 7. c3 Bg4 8. Be2 e6 9. O-O Bd6 10. Nbd2 O-O 11. c4 Ba3 12. Bxa3 Qxa3 13.
Qc1 Qd6 14. Re1 Bxf3 15. Nxf3 dxc4 16. Qxc4 Rfd8 17. Rad1 Nd5 18. Bd3 Ncb4 19.
Bb1 Rac8 20. Qf1 Nc3 21. Rd2 Rc7 22. a3 Nxb1 23. Rxb1 Nd5 24. b4 Rdc8 25. Rbd1
Nb6 26. Qd3 h6 27. Qe4 Nd5 28. Qe1 Qa6 29. Ra1 Rc3 30. Rda2 Qa4 31. Nd2 Rd3 32.
Rc1 Rxc1 33. Qxc1 Nxb4 34. Ra1 Nc2 35. Rb1 Nxd4 36. Qc8+ Kh7 37. Nf1 Ne2+ 38.
Kh1 b6 39. Qb7 Rd1 0-1

[Event "M11"]
[Site "?"]
[Date "2024.07.26"]
[Round "9"]
[White "Aubrecht, Petr"]
[Black "Melerowicz, Thomas"]
[Result "1/2-1/2"]
[ECO "A00"]
[WhiteElo "1984"]
[BlackElo "2017"]
[Annotator ",martin-koller@seznam"]
[PlyCount "95"]
[TimeControl "240+2"]

{600MB, Fritz10.ctg} 1. e3 g6 2. d3 Bg7 3. Ne2 d6 4. Nd2 c5 5. Nb3 Nf6 6. Ng3
O-O 7. Be2 Qc7 8. O-O Bd7 9. f4 b5 10. f5 a5 11. Nd2 Nc6 12. fxg6 fxg6 13. Nde4
Qb6 14. Nxf6+ Bxf6 15. Bf3 Rae8 16. Ne4 Bg7 17. c3 Ne5 18. Be2 Rxf1+ 19. Bxf1
d5 20. Ng5 Qf6 21. e4 h6 22. Nf3 Bg4 23. Be2 Rf8 24. Be3 Bxf3 25. Bxf3 d4 26.
cxd4 cxd4 27. Bd2 a4 28. Be2 Qf2+ 29. Kh1 h5 30. Qe1 Qxe1+ 31. Rxe1 Rc8 32. Rc1
Rxc1+ 33. Bxc1 Kf7 34. Kg1 Ke6 35. Kf1 Nd7 36. Ke1 Nc5 37. Bd2 Be5 38. g3 Bd6
39. Kd1 Kf6 40. Kc2 h4 41. gxh4 Bxh2 42. Bg5+ Kf7 43. h5 gxh5 44. Bxh5+ Ke6 45.
Bg4+ Kf7 46. Bh5+ Ke6 47. Bg4+ Kf7 48. Bh5+ 1/2-1/2

[Event "M11"]
[Site "?"]
[Date "2024.07.26"]
[Round "9"]
[White "Verner, Matej"]
[Black "Giertli, Vladimir"]
[Result "1-0"]
[ECO "C41"]
[WhiteElo "2067"]
[BlackElo "1959"]
[Annotator ",martin-koller@seznam"]
[PlyCount "133"]
[TimeControl "240+2"]

{600MB, Fritz10.ctg} 1. e4 d6 2. d4 Nf6 3. Nc3 e5 4. Nf3 Nbd7 5. Bc4 Be7 6. O-O
c6 7. a4 Qc7 8. Ng5 O-O 9. f4 exd4 10. Qxd4 d5 11. Kh1 dxc4 12. e5 Ng4 13. Nce4
Bxg5 14. Nxg5 Qb6 15. Qe4 g6 16. Qf3 f6 17. Nxh7 Kxh7 18. Qxg4 f5 19. Qh4+ Kg7
20. Ra3 Qd8 21. Qf2 Qe7 22. Be3 b6 23. Rd1 Bb7 24. Rd6 Rad8 25. Bd4 c5 26. Rg3
Qxd6 27. exd6+ cxd4 28. Qxd4+ Nf6 29. h4 Rh8 30. Qe5 Rde8 31. Qc3 Rxh4+ 32. Kg1
Rxf4 33. d7 Rd8 34. Qe5 Rxd7 35. Qxf4 Be4 36. Qg5 Kf7 37. Qxg6+ Ke6 38. Rc3 Rd4
39. b3 cxb3 40. cxb3 Rd1+ 41. Kh2 Rd2 42. Re3 Ke5 43. Qg7 Rd7 44. Qg3+ Ke6 45.
Re1 Rd2 46. b4 Rb2 47. b5 Rd2 48. Qb3+ Nd5 49. Qh3 Nf6 50. Qg3 Rb2 51. Kh3 Rd2
52. Qb8 Rd7 53. Qc8 Ke5 54. Qc3+ Ke6 55. Kh2 Ng4+ 56. Kg1 Ne5 57. Qh3 Rd3 58.
Qh6+ Kd5 59. Qh8 Ke6 60. Qg8+ Ke7 61. Qh7+ Ke6 62. Qxa7 Rd2 63. Qxb6+ Kf7 64.
Qc7+ Kf6 65. Qb6+ Kf7 66. Rxe4 fxe4 67. Qb7+ 1-0

[Event "K11"]
[Site "?"]
[Date "2024.07.26"]
[Round "9"]
[White "Korenek, Frantisek"]
[Black "Thomasson, Staffan"]
[Result "1/2-1/2"]
[ECO "B12"]
[WhiteElo "1886"]
[BlackElo "1871"]
[Annotator ",martin-koller@seznam"]
[PlyCount "31"]
[TimeControl "240+2"]

{600MB, Fritz10.ctg} 1. e4 g6 2. d4 c6 3. f4 d5 4. e5 Nh6 5. Nf3 Bg4 6. Be2 Bg7
7. O-O O-O 8. c3 Nd7 9. Na3 c5 10. Nc2 e6 11. Ne3 Bxf3 12. Rxf3 cxd4 13. cxd4
Qb6 14. b3 Rfc8 15. Bb2 Rc7 16. Qd2 1/2-1/2

[Event "K11""]
[Site "?"]
[Date "2024.07.26"]
[Round "9"]
[White "Rull, Michael"]
[Black "Feierfeil, Jiri"]
[Result "1/2-1/2"]
[ECO "D00"]
[WhiteElo "1842"]
[BlackElo "1738"]
[Annotator ",martin-koller@seznam"]
[PlyCount "83"]
[TimeControl "240+2"]

{600MB, Fritz10.ctg} 1. d4 Nf6 2. Nc3 d5 3. Bf4 c6 4. Nf3 e6 5. e3 Nbd7 6. Bd3
Be7 7. Ne5 Nxe5 8. dxe5 Nd7 9. Qg4 g5 10. O-O-O h5 11. Qg3 Nc5 12. Be2 h4 13.
Qg4 f5 14. exf6 Bxf6 15. Bxg5 Bxg5 16. f4 Be7 17. Qg7 Rf8 18. b4 Na6 19. Ne4 b5
20. Ng5 Nc7 21. Bh5+ Kd7 22. Nf7 Rxf7 23. Qxf7 Qf8 24. Qxf8 Bxf8 25. a3 a5 26.
c3 axb4 27. axb4 Kd6 28. Kb2 Bg7 29. g4 hxg3 30. hxg3 Bd7 31. g4 Rf8 32. Bg6
Ne8 33. Rh7 Bf6 34. g5 Bd8 35. Rdh1 Rg8 36. R1h6 Bb6 37. Bf7 Rg7 38. Bxe8 Rxh7
39. Bxd7 Rxh6 40. gxh6 Bd8 41. Be8 Bf6 42. Kc2 1/2-1/2

[Event "K11"]
[Site "?"]
[Date "2024.07.26"]
[Round "9"]
[White "Marsalek, Lubos"]
[Black "Pranner, Marion"]
[Result "1/2-1/2"]
[ECO "A41"]
[WhiteElo "1914"]
[BlackElo "2055"]
[Annotator ",martin-koller@seznam"]
[PlyCount "73"]
[TimeControl "240+2"]

{600MB, Fritz10.ctg} 1. c4 g6 2. Nf3 d6 3. d4 Bg7 4. Nc3 Nc6 5. g3 e5 6. dxe5
Nxe5 7. Nxe5 Bxe5 8. Bg2 Ne7 9. Bg5 Qd7 10. Ne4 Ng8 11. Qc2 h6 12. Bd2 f5 13.
Nc3 Nf6 14. O-O-O Qe7 15. Nd5 Nxd5 16. Bxd5 c6 17. Bf3 Be6 18. Qa4 Kf7 19. Qc2
Qf6 20. Bg2 Qg7 21. f4 Bf6 22. e4 fxe4 23. Bxe4 Rhe8 24. f5 gxf5 25. Bxf5 Bxb2+
26. Kb1 Be5 27. Rhf1 Ke7 28. Bxe6 Kxe6 29. Qf5+ Ke7 30. Rde1 Rf8 31. Qe4 Kd7
32. c5 Rxf1 33. Rxf1 Re8 34. Qf5+ Re6 35. Qf7+ Re7 36. Qf5+ Re6 37. Qf7+
1/2-1/2

[Event "K11"]
[Site "?"]
[Date "2024.07.26"]
[Round "9"]
[White "Docekalova, Alexandra"]
[Black "Thalheim, Peter"]
[Result "1/2-1/2"]
[ECO "D05"]
[WhiteElo "1979"]
[BlackElo "1866"]
[Annotator ",martin-koller@seznam"]
[PlyCount "121"]
[TimeControl "240+2"]

{600MB, Fritz10.ctg} 1. d4 Nf6 2. Nf3 d5 3. e3 e6 4. Bd3 c5 5. c3 Nc6 6. Nbd2
cxd4 7. exd4 Bd6 8. O-O O-O 9. Re1 Qc7 10. Nf1 h6 11. h3 e5 12. dxe5 Nxe5 13.
Nxe5 Bxe5 14. Ne3 Be6 15. Nf5 Bxf5 16. Bxf5 Rfe8 17. Be3 Bf4 18. Qf3 Bxe3 19.
Rxe3 Rxe3 20. Qxe3 b6 21. Rd1 Re8 22. Qd2 Qc4 23. b3 Qe2 24. Bd3 Qxd2 25. Rxd2
Re1+ 26. Kh2 Kf8 27. f3 a5 28. Ba6 Ke7 29. c4 dxc4 30. Bxc4 Re5 31. Kg3 Rc5 32.
Re2+ Kf8 33. a4 Nh5+ 34. Kf2 Nf4 35. Re4 g5 36. h4 Nd5 37. hxg5 hxg5 38. Rd4
Ne7 39. Rd8+ Kg7 40. Rb8 Rc6 41. Rb7 Kf6 42. Ke2 Rd6 43. Ke1 Nd5 44. Bxd5 Rxd5
45. Rxb6+ Kf5 46. Ke2 Ke5 47. g4 f5 48. gxf5 Kxf5 49. Rb5 Ke5 50. Ke3 Rxb5 51.
axb5 Kd5 52. b6 Kc6 53. b7 Kxb7 54. Ke4 Kb6 55. Kf5 Kb5 56. Kxg5 Kb4 57. f4
Kxb3 58. f5 a4 59. f6 a3 60. f7 a2 61. f8=Q 1/2-1/2

[Event "K11"]
[Site "?"]
[Date "2024.07.26"]
[Round "9"]
[White "Lampe, Thomas"]
[Black "Schimmer, Michael"]
[Result "1-0"]
[ECO "B07"]
[WhiteElo "1926"]
[BlackElo "1861"]
[Annotator ",martin-koller@seznam"]
[PlyCount "109"]
[TimeControl "240+2"]

{600MB, Fritz10.ctg} 1. e4 d6 2. d4 Nf6 3. Nc3 g6 4. f3 c6 5. Bg5 Nbd7 6. Qd2
Qa5 7. Bd3 Bg7 8. Nge2 c5 9. d5 Ne5 10. Bb5+ Bd7 11. Bxd7+ Nfxd7 12. b3 b5 13.
Bh6 O-O 14. h4 b4 15. Nd1 Nxf3+ 16. gxf3 Bxa1 17. h5 Ne5 18. Kf2 f5 19. Bxf8
Rxf8 20. hxg6 fxe4 21. gxh7+ Kh8 22. Qg5 Qd8 23. Nf4 Bd4+ 24. Ne3 Qe8 25. Ne6
Nxf3 26. Qh6 Rf7 27. Ke2 Bg7 28. Qh5 Nd4+ 29. Nxd4 Bxd4 30. Nf5 Qf8 31. Rf1 a5
32. Qg6 Rf6 33. Qg5 Qf7 34. Rf4 Qg6 35. Qxg6 Rxg6 36. Nxe7 Rg2+ 37. Kd1 Rg1+
38. Ke2 Kxh7 39. Rxe4 Ra1 40. Nc6 Rxa2 41. Nxd4 cxd4 42. Kd3 a4 43. bxa4 Rxa4
44. Rxd4 Ra5 45. Ke4 Rc5 46. Rxb4 Rxc2 47. Rb6 Kg7 48. Kf5 Rf2+ 49. Ke6 Rf6+
50. Ke7 Rf7+ 51. Kxd6 Rf6+ 52. Kc7 Rxb6 53. Kxb6 Kf8 54. Kc7 Ke7 55. d6+ 1-0

[Event "K12"]
[Site "?"]
[Date "2024.07.26"]
[Round "9"]
[White "Tichy, Petr"]
[Black "Pokorny, Jan"]
[Result "1-0"]
[ECO "E60"]
[WhiteElo "1922"]
[BlackElo "1840"]
[Annotator ",martin-koller@seznam"]
[PlyCount "61"]
[TimeControl "240+2"]

{600MB, Fritz10.ctg} 1. Nf3 c5 2. b3 Nf6 3. Bb2 g6 4. g3 Bg7 5. Bg2 O-O 6. O-O
Nc6 7. c4 d6 8. d4 cxd4 9. Nxd4 Nxd4 10. Qxd4 Ne8 11. Qd2 Bxb2 12. Qxb2 Qc7 13.
Nc3 Nf6 14. Nb5 Qb6 15. e4 a6 16. Nc3 Be6 17. Na4 Qc7 18. Rac1 Nd7 19. Qd4 Nc5
20. Nc3 b6 21. Nd5 Bxd5 22. exd5 a5 23. Rfe1 Ra7 24. Re3 Qd7 25. Rce1 Re8 26.
g4 f6 27. h4 Kf7 28. g5 f5 29. h5 gxh5 30. Qh4 e5 31. dxe6+ 1-0

[Event "K12"]
[Site "?"]
[Date "2024.07.26"]
[Round "9"]
[White "Hager, Eberhard"]
[Black "Wust, Klaus"]
[Result "0-1"]
[ECO "B13"]
[WhiteElo "1834"]
[BlackElo "1959"]
[Annotator ",martin-koller@seznam"]
[PlyCount "76"]
[TimeControl "240+2"]

{600MB, Fritz10.ctg} 1. e4 c6 2. d4 d5 3. exd5 cxd5 4. h3 Qc7 5. Nf3 Bf5 6. Bd3
Bxd3 7. Qxd3 e6 8. O-O Bd6 9. b3 Nf6 10. Ba3 Bxa3 11. Nxa3 O-O 12. c4 Nc6 13.
cxd5 Nxd5 14. Rfc1 Qf4 15. Nc2 Rac8 16. g3 Qh6 17. Kg2 Rfd8 18. Ne3 Qf6 19.
Nxd5 Rxd5 20. Rc4 Rcd8 21. Rac1 h6 22. Qe3 a6 23. Rc5 R5d6 24. R5c4 Ne7 25. Qe1
b5 26. Rc7 Nf5 27. Rc8 Nxd4 28. Rxd8+ Rxd8 29. Nxd4 Qxd4 30. Qa5 Qe4+ 31. Kg1
Rd6 32. Qc3 f5 33. Re1 Qd5 34. Rc1 Kh7 35. Qc7 Qe5 36. Qc2 a5 37. Qc8 Rd2 38.
Rc2 Qe1+ 0-1

[Event "K12"]
[Site "?"]
[Date "2024.07.26"]
[Round "9"]
[White "Von Borstel, Michael"]
[Black "Cisarik, Pavol"]
[Result "1-0"]
[ECO "D45"]
[WhiteElo "1862"]
[BlackElo "1789"]
[Annotator ",martin-koller@seznam"]
[PlyCount "89"]
[TimeControl "240+2"]

{600MB, Fritz10.ctg} 1. c4 Nf6 2. d4 e6 3. Nc3 d5 4. e3 c6 5. Nf3 Bd6 6. Bd2
Nbd7 7. c5 Bc7 8. b4 O-O 9. b5 e5 10. a4 exd4 11. exd4 Re8+ 12. Be2 Ne4 13. O-O
Ndf6 14. Rc1 Bg4 15. Be3 Nxc3 16. Rxc3 Ne4 17. Rd3 Re6 18. h3 Bh5 19. Nh2 Bg6
20. Ra3 f5 21. Bc1 Ba5 22. Bh5 Qe7 23. Bxg6 Rxg6 24. Re3 Qf6 25. Nf3 f4 26. Rd3
Re8 27. Ne5 Rg5 28. Qf3 Rf5 29. bxc6 bxc6 30. Rb3 Ng5 31. Qg4 Bc7 32. Nf3 Nxf3+
33. Qxf3 Re4 34. Rb7 Qd8 35. Qd3 f3 36. g3 Qc8 37. Rxc7 Qxc7 38. Bf4 Rfxf4 39.
gxf4 Qxf4 40. Kh1 Rxd4 41. Qb3 Rxa4 42. Rg1 Qe4 43. Qb8+ Kf7 44. Qc7+ Qe7 45.
Rxg7+ 1-0

[Event "K12"]
[Site "?"]
[Date "2024.07.26"]
[Round "9"]
[White "Vlasak, Miloslav"]
[Black "Schoenmakers, Nico"]
[Result "1-0"]
[ECO "A17"]
[WhiteElo "1943"]
[BlackElo "1879"]
[Annotator ",martin-koller@seznam"]
[PlyCount "131"]
[TimeControl "240+2"]

{600MB, Fritz10.ctg} 1. c4 e6 2. Nc3 c6 3. Nf3 d5 4. cxd5 exd5 5. g3 Nf6 6. Bg2
Be7 7. O-O O-O 8. d3 Re8 9. a3 a5 10. Rb1 Nbd7 11. b4 axb4 12. axb4 Nf8 13. b5
c5 14. Bf4 Ng6 15. Be5 Nxe5 16. Nxe5 Qd6 17. f4 d4 18. Ne4 Nxe4 19. Bxe4 Ra5
20. Nc4 Qd8 21. Nxa5 Qxa5 22. Qc2 Qb6 23. Ra1 h5 24. Qa2 h4 25. Qa7 Qc7 26.
Rfc1 g5 27. Kh1 hxg3 28. fxg5 Kg7 29. Ra6 Qf4 30. Rg1 bxa6 31. Rxg3 axb5 32.
Kg2 Bf5 33. Bc6 Qb8 34. Qa6 Bc8 35. Qa2 Rh8 36. g6 Be6 37. Bd5 Qe5 38. gxf7+
Kxf7 39. Bxe6+ Qxe6 40. Rg7+ Kxg7 41. Qxe6 Kf8 42. h3 Rh4 43. Kf2 Ke8 44. Qc6+
Kf7 45. Qxb5 Rxh3 46. Qb3+ Kg7 47. Qe6 Re3 48. Qg4+ Kf7 49. Ke1 Ke8 50. Qf5 Kd8
51. Kd1 Kc7 52. Qg4 Kd6 53. Kc2 Re5 54. Kb3 Re3 55. Kc4 Ke5 56. Kb5 Kf6 57. Kc6
Re6+ 58. Kd7 Re3 59. Qf4+ Kg6 60. Qg4+ Kf6 61. Qh4+ Kf5 62. Qh6 Kg4 63. Qh2 Kf5
64. Qh7+ Kf4 65. Qf7+ Kg4 66. Qxe7 1-0

[Event "M21"]
[Site "?"]
[Date "2024.07.28"]
[Round "1"]
[White "Kalisky, Vladimir"]
[Black "Schambach, Frank"]
[Result "1-0"]
[ECO "C96"]
[WhiteElo "2128"]
[BlackElo "1942"]
[Annotator ",martin-koller@seznam"]
[PlyCount "55"]
[TimeControl "240+2"]

{600MB, Fritz10.ctg} 1. e4 e5 2. Nf3 Nc6 3. Bb5 a6 4. Ba4 b5 5. Bb3 Nf6 6. O-O
Be7 7. Re1 O-O 8. h3 d6 9. c3 Na5 10. Bc2 c5 11. d4 cxd4 12. cxd4 Qc7 13. Nc3
exd4 14. Nxd4 Nc6 15. Nxc6 Qxc6 16. Nd5 Bd8 17. Bf4 Nxd5 18. exd5 Qd7 19. Qd3
g6 20. Qc3 g5 21. Qg3 Kh8 22. Bxd6 Rg8 23. Rad1 Bb7 24. Qd3 Rg6 25. Qd4+ Bf6
26. Be5 Bxe5 27. Rxe5 Kg8 28. Bf5 *

[Event "M21"]
[Site "?"]
[Date "2024.07.28"]
[Round "1"]
[White "Hartwig, Maik"]
[Black "Sokolovsky, Jakub"]
[Result "0-1"]
[ECO "A01"]
[WhiteElo "1999"]
[BlackElo "2032"]
[Annotator ",martin-koller@seznam"]
[PlyCount "40"]
[TimeControl "240+2"]

{600MB, Fritz10.ctg} 1. b3 e5 2. Bb2 Nc6 3. e4 Nf6 4. Nf3 Nxe4 5. Qe2 d5 6. d3
Nf6 7. Nxe5 Nxe5 8. Bxe5 Be6 9. g3 Be7 10. Bg2 Qd7 11. O-O h5 12. c4 O-O-O 13.
Nc3 a6 14. cxd5 Bh3 15. Rac1 Bxg2 16. Kxg2 h4 17. Bxc7 Kxc7 18. Nb5+ Kb8 19.
Rc7 Qxb5 20. Qxe7 Nxd5 0-1

[Event "M21"]
[Site "?"]
[Date "2024.07.28"]
[Round "1"]
[White "Dome, Michal"]
[Black "Adelmayer, Matti"]
[Result "1/2-1/2"]
[ECO "B37"]
[WhiteElo "1932"]
[BlackElo "1980"]
[Annotator ",martin-koller@seznam"]
[PlyCount "65"]
[TimeControl "240+2"]

{600MB, Fritz10.ctg} 1. d4 Nf6 2. Nf3 c5 3. c4 cxd4 4. Nxd4 g6 5. Nc3 Bg7 6. e4
d6 7. Be2 O-O 8. O-O Nc6 9. Nc2 b6 10. Ne3 Bb7 11. Ned5 Rc8 12. Bg5 Nxd5 13.
cxd5 Ne5 14. Rc1 h6 15. Bf4 Kh7 16. Nb5 Qd7 17. Qd2 Ba6 18. a4 e6 19. Rfd1 exd5
20. Qxd5 Rxc1 21. Rxc1 Bxb5 22. Bxb5 Qe7 23. Rd1 Rd8 24. h3 Qc7 25. Rc1 Qe7 26.
b3 g5 27. Bg3 Ng6 28. Bc4 Rd7 29. Qf5 Be5 30. Bxe5 dxe5 31. Bd5 Kg7 32. g3 Rc7
33. Rxc7 1/2-1/2

[Event "M21"]
[Site "?"]
[Date "2024.07.28"]
[Round "1"]
[White "Hentzgen, Thomas"]
[Black "Vavrinec, Tomas"]
[Result "1-0"]
[ECO "A34"]
[WhiteElo "1964"]
[BlackElo "1933"]
[Annotator ",martin-koller@seznam"]
[PlyCount "111"]
[TimeControl "240+2"]

{600MB, Fritz10.ctg} 1. c4 c5 2. Nc3 Nf6 3. e4 Nc6 4. g4 d6 5. h3 a6 6. Bg2 Rb8
7. f4 Nd4 8. Nge2 b5 9. cxb5 axb5 10. Nxd4 cxd4 11. Ne2 e5 12. d3 Be7 13. O-O
Bb7 14. Ng3 Rc8 15. Qb3 O-O 16. Nf5 Bc6 17. fxe5 dxe5 18. Nxe7+ Qxe7 19. Bg5
Bd7 20. Rf2 Rc6 21. Raf1 Ra6 22. a3 Rc8 23. Rc2 Rxc2 24. Qxc2 Rc6 25. Qd2 h6
26. Bxf6 Rxf6 27. Rxf6 Qxf6 28. Qf2 Qg5 29. Kh2 Qc1 30. Bf1 Be6 31. Bg2 Qd1 32.
Bf3 Qb1 33. Qd2 Bb3 34. Kg2 Bc2 35. Be2 Bb3 36. Bf1 Be6 37. Be2 Qa2 38. Bd1 Qb1
39. Qc2 Qxc2+ 40. Bxc2 Kf8 41. Bd1 Ke7 42. Kg3 Kd6 43. h4 Ba2 44. b4 Bb1 45.
Be2 Ke6 46. h5 Kf6 47. Kf2 Kg5 48. a4 bxa4 49. b5 a3 50. b6 a2 51. b7 a1=Q 52.
b8=Q Kf4 53. Qc8 Kg5 54. Qf5+ Kh4 55. Qxe5 Qb2 56. g5 1-0

[Event "M21"]
[Site "?"]
[Date "2024.07.28"]
[Round "1"]
[White "Hanl, Frantisek"]
[Black "Novak, Jindrich"]
[Result "1-0"]
[ECO "B12"]
[WhiteElo "2098"]
[BlackElo "2011"]
[Annotator ",martin-koller@seznam"]
[PlyCount "48"]
[TimeControl "240+2"]

{600MB, Fritz10.ctg} 1. e4 c6 2. d4 Na6 3. Nc3 Nc7 4. Nf3 d5 5. exd5 Nxd5 6.
Nxd5 Qxd5 7. c4 Qe4+ 8. Be3 Bf5 9. Ne5 Qc2 10. Qxc2 Bxc2 11. Rc1 Bf5 12. g4 Bc8
13. Bg2 f6 14. Nxc6 Bd7 15. Na5 e5 16. c5 exd4 17. Bxd4 O-O-O 18. Bxb7+ Kc7 19.
Be3 Re8 20. O-O g5 21. c6 Bxg4 22. Bxa7 Ne7 23. Rfe1 Bg7 24. Bc5 neèitelné 1-0

[Event "K21"]
[Site "?"]
[Date "2024.07.28"]
[Round "1"]
[White "Suchy, 1856."]
[Black "Adelmayer, Nelly"]
[Result "1/2-1/2"]
[ECO "B11"]
[WhiteElo "1856"]
[BlackElo "1846"]
[Annotator ",martin-koller@seznam"]
[PlyCount "37"]
[TimeControl "240+2"]

{600MB, Fritz10.ctg} 1. e4 c6 2. Nf3 d5 3. Nc3 Bg4 4. exd5 cxd5 5. d4 e6 6. Bd3
Nc6 7. Be3 Nf6 8. O-O a6 9. h3 Bxf3 10. Qxf3 Bd6 11. a3 O-O 12. Ne2 e5 13. dxe5
Nxe5 14. Qf5 g6 15. Qg5 Nxd3 16. cxd3 Re8 17. Ng3 Be5 18. Nf5 Nd7 19. Nh6+
1/2-1/2

[Event "K21"]
[Site "?"]
[Date "2024.07.28"]
[Round "1"]
[White "Nelson, Wayne"]
[Black "Plesnivy, Martin"]
[Result "1/2-1/2"]
[ECO "D02"]
[WhiteElo "1886"]
[BlackElo "1869"]
[Annotator ",martin-koller@seznam"]
[PlyCount "40"]
[TimeControl "240+2"]

{600MB, Fritz10.ctg} 1. d4 d5 2. Nf3 Nf6 3. Bf4 c5 4. e3 e6 5. c3 Nc6 6. Bd3
Bd6 7. Bg5 O-O 8. Nbd2 e5 9. dxe5 Nxe5 10. Nxe5 Bxe5 11. Nf3 Bc7 12. O-O Qd6
13. Bf4 Qb6 14. Bxc7 Qxc7 15. h3 Be6 16. Qc2 h6 17. Bf5 Qc8 18. Bxe6 Qxe6 19.
Rad1 Rfd8 20. Rfe1 b6 1/2-1/2

[Event "K21"]
[Site "?"]
[Date "2024.07.28"]
[Round "1"]
[White "Smisek, Robin"]
[Black "Roubik, Vit"]
[Result "1/2-1/2"]
[ECO "B34"]
[WhiteElo "1653"]
[BlackElo "1813"]
[Annotator ",martin-koller@seznam"]
[PlyCount "45"]
[TimeControl "240+2"]

{600MB, Fritz10.ctg} 1. e4 c5 2. Nf3 Nc6 3. d4 cxd4 4. Nxd4 g6 5. Nc3 Bg7 6.
Be3 Nf6 7. Be2 O-O 8. Qd2 d5 9. Nxc6 bxc6 10. exd5 cxd5 11. Rd1 Bb7 12. Bf3 e6
13. O-O a5 14. Bc5 Re8 15. Rfe1 Qc7 16. Bd4 e5 17. Be3 d4 18. Nb5 dxe3 19. Qxe3
Qe7 20. Bxb7 Qxb7 21. Nd6 Qxb2 22. Nxe8 Rxe8 23. Qc5 1/2-1/2

[Event "K21""]
[Site "?"]
[Date "2024.07.28"]
[Round "1"]
[White "Spindler, Markus"]
[Black "Artamonov, Mikhail"]
[Result "0-1"]
[ECO "C01"]
[WhiteElo "1901"]
[BlackElo "1800"]
[Annotator ",martin-koller@seznam"]
[PlyCount "68"]
[TimeControl "240+2"]

{600MB, Fritz10.ctg} 1. e4 e6 2. d4 d5 3. exd5 exd5 4. Bd3 Bd6 5. Ne2 Ne7 6.
O-O O-O 7. c3 Bf5 8. Be3 Qd7 9. Ng3 Bxd3 10. Qxd3 f5 11. f4 Ng6 12. Nd2 Na6 13.
b4 c6 14. Nb3 Rae8 15. Rae1 Bxf4 16. Bxf4 Rxe1 17. Rxe1 Nxf4 18. Qf3 Ng6 19.
Rf1 f4 20. Ne2 Qd6 21. Qf2 b6 22. h4 h5 23. Qf3 Nxh4 24. Qxh5 Qe7 25. Kh1 f3
26. Rf2 fxe2 27. Rxe2 Qf7 28. Qe5 Qf1+ 29. Kh2 Rf6 30. Qe3 Rh6 31. Rf2 Qb1 32.
Qe8+ Kh7 33. Kg3 Rg6+ 34. Kf4 Qf5+ 0-1